 Dungeon Crawl Stone Soup version 0.30-a0-743-gbfdf073431 (webtiles) character file.

Game seed: 9520067777755408677

81 ragingrage the Insei (level 4, -1/48 HPs)
             Began as a Demonspawn Transmuter on Feb 6, 2023.
             Slain by a gnoll
             ... wielding a +0 spear
              (4 damage)
             ... on level 2 of the Dungeon.
             The game lasted 00:01:44 (1635 turns).

ragingrage the Insei (Demonspawn Transmuter)        Turns: 1635, Time: 00:01:45

Health: -1/48      AC: 22    Str: 10    XL:     4   Next: 19%
Magic:  6/7        EV:  2    Int: 17    God:
Gold:   87         SH:  0    Dex: 13    Spells: 4/7 levels left

rFire   . . .      SeeInvis .      - Unarmed
rCold   . . .      Faith    .    (no shield)
rNeg    . . .      Spirit   .    (body armour currently unavailable)
rPois   +          Reflect  .    (helmet currently unavailable)
rElec   .          Harm     .    (cloak currently unavailable)
rCorr   .          Rampage  .    (gloves currently unavailable)
Will    .....      NoTele   +    (boots currently unavailable)
Stlth   +                        (no amulet)
HPRegen 0.28/turn                (no ring)
MPRegen 0.10/turn                (no ring)

@: mighty, tree-form
A: stationary, stasis, torment immunity, boosted hp, (horns 1)
a: no special abilities


You were on level 2 of the Dungeon.
You were a tree.
You visited 1 branch of the dungeon, and saw 2 of its levels.

You collected 87 gold pieces.

Inventory:

Armour
 a - a +0 robe (melded)
 g - a +0 cloak (melded)
Scrolls
 c - a scroll of torment {unknown}
 i - a scroll of enchant weapon {unknown}
 j - a scroll of teleportation {unknown}
 k - a scroll of fear {unknown}
Potions
 d - a potion of resistance {unknown}
 e - a potion of might
 f - a potion of curing {unknown}
 h - 2 potions of berserk rage {unknown}


   Skills:
 - Level 1.0 Fighting
 - Level 1.7 Dodging
 * Level 4.1 Unarmed Combat
 - Level 2.0 Spellcasting
 + Level 2.7 Transmutations


You had 4 spell levels left.
You knew the following spells:

 Your Spells              Type           Power      Damage    Failure   Level
a - Beastly Appendage     Tmut           20%        N/A       6%          1
b - Wereblood             Tmut           10%        N/A       10%         2

Your spell library contained the following spells:

 Spells                   Type           Power      Damage    Failure   Level
 Spider Form              Tmut/Pois      6%         N/A       32%         3
 Ice Form                 Ice/Tmut       6%         N/A       73%         4
 Passage of Golubria      Tloc           1%         N/A       88%         4
 Silence                  Hex/Air        0%         N/A       99%         5
 Lehudib's Crystal Spear  Conj/Erth      0%         10d2      100%        8


Dungeon Overview and Level Annotations

Branches:
Dungeon (2/15)

Altars:


Innate Abilities, Weirdness & Mutations

You are a tree.
Your roots penetrate the ground, keeping you stationary.
You cannot be teleported.
You are immune to unholy pain and torment.
Your maximum health is greatly increased.
Your equipment is partially melded.
((You have a pair of small horns on your head.))


Message History

The gnoll is moderately wounded.
The gnoll hits you with a +0 flail!
Casting: Beastly Appendage (safe; 6% risk of failure)
Confirm with . or Enter, or press ? or * to list all spells.
Your feet morph into talons.
The gnoll barely misses you.
You barely miss the gnoll. You headbutt the gnoll.
The gnoll is heavily wounded.
You closely miss the gnoll. Your kick misses the gnoll.
Your headbutt misses the gnoll.
The gnoll is heavily wounded.
A gnoll comes into view. It is wielding a +0 spear.
The gnoll hits you with a +0 flail.
The gnoll shouts!
You hit the gnoll. Your kick misses the gnoll. Your headbutt misses the gnoll.
The gnoll is heavily wounded.
The gnoll barely misses you. x2
A gnoll comes into view. It is wielding a +0 club.
You hit the gnoll. You claw the gnoll, but do no damage.
You headbutt the gnoll.
The gnoll is heavily wounded.
The gnoll barely misses you. The gnoll hits you but does no damage.
Your magical contamination has completely faded away.
You completely miss the gnoll. You claw the gnoll.
The gnoll is heavily wounded.
The gnoll hits you with a +0 spear. The gnoll barely misses you.
You closely miss the gnoll. You claw the gnoll.
The gnoll is almost dead.
The gnoll barely misses you. The gnoll hits you with a +0 spear.
* * * LOW HITPOINT WARNING * * *
Really quaff the potion of lignification?
Your talons disappear.
You turn into a tree.
Your +0 cloak melds into your body.
Your +0 robe melds into your body.
Your roots penetrate the ground.
The gnoll hits you but does no damage. The gnoll hits you with a +0 flail.
* * * LOW HITPOINT WARNING * * *
Okay, then.
It was a potion of might.
You feel very mighty all of a sudden. The gnoll hits you but does no damage.
The gnoll hits you with a +0 spear.
You die...

#.<#.#...#..#
#..# #.######
#..# #.# #..#
#.# #..# #.#
#..# #.# #..#
#.#### #...
#..g.# ##.#
#.##♣# ####g#
.g. #####


You could see 3 gnolls.

Vanquished Creatures
  3 gnolls
  2 adders (D:2)
  A dart slug (D:1)
  6 bats
  3 endoplasms
  2 giant cockroaches
  2 goblins
  4 jackals (D:2)
  A ball python (D:1)
  A frilled lizard (D:1)
  4 kobolds
  5 rats
34 creatures vanquished.

Notes
Turn   | Place    | Note
-------+----------+-------------------------------------------
     0 | D:1      | ragingrage the Demonspawn Transmuter began the quest for
                  | the Orb.
     0 | D:1      | Reached XP level 1. HP: 15/15 MP: 3/3
    53 | D:1      | Reached skill level 3 in Unarmed Combat
   222 | D:1      | Mutation became permanent: You have a pair of small horns
                  | on your head. [demonic ancestry]
   222 | D:1      | Gained mutation: You have a pair of horns on your head.
                  | [demonic ancestry]
   222 | D:1      | Reached XP level 2. HP: 21/21 MP: 3/5
   868 | D:2      | Learned a level 2 spell: Wereblood
   996 | D:2      | Reached XP level 3. HP: 20/26 MP: 1/6
  1372 | D:1      | Reached skill level 4 in Unarmed Combat
  1372 | D:1      | Reached XP level 4. HP: 22/32 MP: 4/7
  1635 | D:2      | Slain by a gnoll

Illustrated notes

Levels and vault maps discovered:
D:1:      onia_arrival_handbag, layout_basic
D:2:      layout_basic, serial_shops, nicolae_shop_bloodbath_and_beyond

Skill      XL: |  1  2  3 |
---------------+----------+-----
Unarmed Combat | 3 4 |  4.1
Transmutations | 2 |  2.7
Fighting       | |  1.0
Dodging        | |  1.7
Spellcasting   | |  2.0

Action                     |  1- 3 |  4- 6 || total
---------------------------+-------+-------++-------
  Melee: Unarmed           |   123 |    11 ||   134
         Headbutt          |    18 |     4 ||    22
         Kick              |    12 |     3 ||    15
         Punch             |     2 |       ||     2
   Cast: Beastly Appendage |    19 |     2 ||    21
         Wereblood         |     5 |     1 ||     6
    Use: Potion            |       |     2 ||     2
   Stab: Sleeping          |     2 |       ||     2
 Armour: Robe              |    28 |     1 ||    29
         Skin              |       |     2 ||     2
  Dodge: Dodged            |    89 |     6 ||    95

Table legend: (Time is in decaauts)
 A = Elapsed time spent in this place.
 B = Non-inter-level travel time spent in this place.
 C = Inter-level travel time spent in this place.
 D = Time resting spent in this place.
 E = Time spent auto-exploring this place.
 F = Levels seen in this place.
 G = Mean time per level.
                   A        B        C        D        E       F      G
               +--------+--------+--------+--------+--------+-----+--------+
         Total |   1625 |   1571 |     54 |    249 |    925 |   2 |  812.5 |
       Dungeon |   1625 |   1571 |     54 |    249 |    925 |   2 |  812.5 |
               +--------+--------+--------+--------+--------+-----+--------+

Top non-repeatable levels by time:
     D:1: 974 daAuts
     D:2: 651 daAuts
